 Dungeon Crawl Stone Soup version 0.28-a0-245-g639a1a48b9 (webtiles) character file.

Game seed: 8061021372787332315

2650 robertstho the Fighter (level 9, -1/123 HPs)
             Began as a Purple Draconian Berserker on Aug 23, 2021.
             Was an Elder of Trog.
             Slain by a centaur warrior (2 damage)
             ... on level 7 of the Dungeon on Aug 24, 2021.
             The game lasted 00:08:32 (6210 turns).

robertstho the Fighter (Purple Draconian Berserker) Turns: 6210, Time: 00:08:34

Health: -1/123     AC: 12    Str: 22    XL:     9   Next: 36%
Magic:  9/9        EV: 14    Int:  8    God:    Trog [****..]
Gold:   168        SH:  0    Dex: 11    Spells: 8/8 levels left

rFire   . . .      SeeInvis .   u - +7 hand axe (vamp)
rCold   . . .      Faith    .   (no shield)
rNeg    . . .      Spirit   .   (armour unavailable)
rPois   .          Reflect  .   (helmet restricted)
rElec   .          Harm     .   q - +0 cloak
rCorr   .          Rampage  .   (no gloves)
Will    +....                   (no boots)
Stlth   ..........              C - amulet of magic regeneration
HPRegen 0.30/turn               o - +4 ring of protection
MPRegen 0.36/turn               (no ring)

@: berserking, very quick
A: breathe power, AC +7, unfitting armour, cold-blooded
a: Breathe Dispelling Energy, Renounce Religion, Berserk, Trog's Hand, Brothers
in Arms


You were on level 7 of the Dungeon.
You worshipped Trog.
Trog was greatly pleased with you.
You visited 1 branch of the dungeon, and saw 7 of its levels.

You collected 371 gold pieces.
You spent 203 gold pieces at shops.

Inventory:

Hand Weapons
 a - a +0 hand axe
 u - a +7 vampiric hand axe (weapon)
Missiles
 j - a throwing net (quivered)
Armour
 q - a +0 cloak (worn)
Jewellery
 o - a +4 ring of protection (left hand)
 C - an amulet of magic regeneration (around neck)
Wands
 l - a wand of iceblast (20)
 y - a wand of polymorph (7)
 z - a wand of acid (15)
Scrolls
 b - 2 scrolls of blinking {unknown}
 c - 5 scrolls of teleportation
 e - a scroll of brand weapon
 f - a scroll of vulnerability
 g - 5 scrolls of noise
 i - a scroll of silence
 r - a scroll of fear
 s - a scroll of fog
 x - 2 scrolls of magic mapping
Potions
 d - a potion of ambrosia {unknown}
 h - a potion of resistance {unknown}
 k - a potion of degeneration {unknown}
 m - 4 potions of heal wounds
 n - 3 potions of flight
 p - a potion of lignification
 t - 2 potions of haste
 v - a potion of berserk rage {unknown}
 w - 2 potions of attraction {unknown}
 A - a potion of brilliance {unknown}
 B - a potion of curing {unknown}
 D - a potion of mutation {unknown}
 E - a potion of invisibility {unknown}


   Skills:
 * Level 8.3 Fighting
 + Level 8.1 Axes
 * Level 7.3 Dodging
 + Level 1.7 Stealth


You had 8 spell levels left.
You didn't know any spells.
Your spell library was empty.

Dungeon Overview and Level Annotations

Branches:
Dungeon (7/15)
 Temple: D:4-7

Altars:
Dithmenos
Hepliaklqana
Ru
Uskayaw
Vehumet
Xom
The Shining One

Shops:
D:5 ?


Innate Abilities, Weirdness & Mutations

You can breathe bolts of dispelling energy.
Your rich purple scales are hard. (AC +7)
You cannot fit into any form of body armour.
You are cold-blooded and may be slowed by cold attacks.


Message History

The centaur warrior kicks you but does no damage.
You slash the centaur warrior!
You feel better.
The centaur warrior is moderately wounded.
The centaur warrior misses you.
The centaur warrior kicks you but does no damage.
A shadow imp comes into view.
The centaur warrior hits you with the +10 short sword "Ponofuf" {vorpal, Will+}.
The centaur warrior kicks you but does no damage.
A red film seems to cover your vision as you go berserk!
You feel yourself moving faster!
You feel mighty!
The shadow imp shouts!
You hear a shout! x4
The centaur warrior hits you with the +10 short sword "Ponofuf" {vorpal, Will+}!
The centaur warrior kicks you.
You barely miss the centaur warrior. You tail-slap the centaur warrior.
The centaur warrior is moderately wounded.
The centaur warrior hits you with the +10 short sword "Ponofuf" {vorpal, Will+}!
The centaur warrior barely misses you.
You slice the centaur warrior!!
You feel better.
The centaur warrior is severely wounded.
The centaur warrior hits you with the +10 short sword "Ponofuf" {vorpal, Will+}!!
* * * LOW HITPOINT WARNING * * *
x2 The centaur warrior kicks you but does no damage.
A cyclops comes into view.
You closely miss the centaur warrior.
The centaur warrior is severely wounded.
The centaur warrior hits you with the +10 short sword "Ponofuf" {vorpal, Will+}.
* * * LOW HITPOINT WARNING * * *
x2 The centaur warrior kicks you but does no damage.
You hit the centaur warrior.
The centaur warrior is severely wounded.
The centaur warrior hits you with the +10 short sword "Ponofuf" {vorpal, Will+}.
* * * LOW HITPOINT WARNING * * *
x2 The centaur warrior kicks you.
* * * LOW HITPOINT WARNING * * *
You hit the centaur warrior.
You feel better.
You tail-slap the centaur warrior, but do no damage.
The centaur warrior is almost dead.
The centaur warrior hits you with the +10 short sword "Ponofuf" {vorpal, Will+}!
* * * LOW HITPOINT WARNING * * *
You die...

♣. .. #♣...
.♣.♣ #♣...
..o. # ##♣c♣##
#.#..<@.#♣♣♣≈♣
#.'..8..'.5.≈.
#.#..>..#≈.≈≈≈
##♣'♣## ♣♣≈♣
#.....# ♣
#.♣♣♣♣# #...♣
#.♣♣♣♣# #.
#.....# #.#


You could see a centaur warrior, a shadow imp and an orc.

Vanquished Creatures
  Grinder (D:4)
  A shadow (D:7)
  Sigmund (D:3)
  2 steam dragons (D:6)
  Menkaure (D:6)
  Duvessa (D:4)
  A necrophage (D:6)
  3 sky beasts
  An ogre (D:7)
  A phantom (D:6)
  Blork the orc (D:4)
  A bullfrog (D:6)
  Dowan (D:4)
  A scorpion (D:6)
  2 howler monkeys
  4 crimson imps (D:5)
  3 hounds
  2 bullfrog zombies
  2 orc priests (D:6)
  2 bullfrog skeletons (D:6)
  A jelly (D:6)
  Jessica (D:3)
  Natasha (D:2)
  An iguana (D:6)
  5 orc wizards (D:6)
  A killer bee zombie (D:6)
  A hound skeleton (D:2)
  A howler monkey zombie (D:5)
  5 adders
  A shadow imp (D:6)
  2 white imps
  3 adder skeletons (D:4)
  A worm (D:2)
  2 dart slugs
  7 orcs (D:6)
  7 endoplasms
  2 giant cockroaches
  4 goblins
  8 hobgoblins
  10 jackals
  5 quokkas
  7 ball pythons
  3 bats (D:1)
  2 frilled lizards
  10 kobolds
  6 rats (D:1)
129 creatures vanquished.

Vanquished Creatures (others)
  10 plants (D:7)
10 creatures vanquished.

Grand Total: 139 creatures vanquished

Notes
Turn   | Place    | Note
-------+----------+-------------------------------------------
     0 | D:1      | robertstho the Draconian Berserker began the quest for the
                  | Orb.
     0 | D:1      | Reached XP level 1. HP: 19/19 MP: 1/1
   457 | D:1      | Reached XP level 2. HP: 27/27 MP: 2/2
   910 | D:1      | Found a faded altar of an unknown god.
   962 | D:1      | Reached ** piety under Trog
   963 | D:1      | Reached XP level 3. HP: 19/33 MP: 3/3
  1540 | D:2      | Noticed Natasha
  1551 | D:2      | Killed Natasha
  1552 | D:2      | Reached XP level 4. HP: 22/41 MP: 4/4
  2460 | D:3      | Noticed Sigmund
  2474 | D:3      | Killed Sigmund
  2475 | D:3      | Reached skill level 5 in Fighting
  2475 | D:3      | Reached XP level 5. HP: 46/48 MP: 5/5
  2682 | D:3      | Reached XP level 6. HP: 56/56 MP: 6/6
  2689 | D:3      | Found a shadowy altar of Dithmenos.
  2800 | D:3      | Noticed Jessica
  2809 | D:3      | Killed Jessica
  3011 | D:4      | Reached *** piety under Trog
  3048 | D:4      | Noticed Duvessa
  3048 | D:4      | Noticed Dowan
  3056 | D:5      | Entered Level 5 of the Dungeon
  3056 | D:5      | Found Apsiecyo's Magic Scroll Boutique.
  3056 | D:5      | Found a glowing golden altar of the Shining One.
  3246 | D:5      | Found a hazy altar of Hepliaklqana.
  3267 | D:5      | Bought a scroll of fear for 49 gold pieces
  3267 | D:5      | Bought a scroll of teleportation for 42 gold pieces
  3267 | D:5      | Bought a scroll of identify for 28 gold pieces
  3267 | D:5      | Bought a scroll of fog for 28 gold pieces
  3267 | D:5      | Bought 2 scrolls of noise for 28 gold pieces
  3267 | D:5      | Bought a scroll of identify for 28 gold pieces
  3306 | D:5      | Found a shimmering altar of Xom.
  3332 | D:5      | Reached skill level 5 in Axes
  3368 | D:5      | Noticed a sky beast
  3390 | D:5      | Noticed a sky beast
  3422 | D:4      | Killed a sky beast
  3423 | D:4      | Your scales start taking on a rich purple colour.
  3423 | D:4      | Reached XP level 7. HP: 41/61 MP: 7/7
  3429 | D:4      | Killed Duvessa
  3431 | D:4      | Killed Dowan
  3432 | D:4      | Reached skill level 5 in Dodging
  3655 | D:4      | Noticed Blork the orc
  3663 | D:4      | Killed Blork the orc
  3963 | D:4      | Noticed Grinder
  3967 | D:4      | Paralysed by Grinder for 5 turns
  3978 | D:4      | Killed Grinder
  3980 | D:4      | Reached XP level 8. HP: 71/71 MP: 8/8
  4370 | D:5      | Reached skill level 1 in Stealth
  4616 | D:6      | Noticed Menkaure
  4625 | D:6      | Killed Menkaure
  4884 | D:5      | Upgraded the game from 0.28-a0-239-g68911e0c57 to
                  | 0.28-a0-245-g639a1a48b9
  5337 | D:6      | Reached XP level 9. HP: 80/80 MP: 9/9
  5465 | D:6      | Reached **** piety under Trog
  5514 | D:6      | Noticed a +0 dagger
  5514 | D:6      | Noticed a +0 spear
  5516 | D:6      | Noticed a +0 spear
  5517 | D:6      | Noticed a +0 short sword
  5517 | D:6      | Noticed a +0 short sword
  5517 | D:6      | Noticed a +0 falchion
  5517 | D:6      | Noticed a +0 falchion
  5520 | D:6      | Noticed a +0 dagger
  5522 | D:6      | Found a hide-covered altar of Uskayaw.
  5720 | D:6      | Found a large runed translucent door.
  5721 | D:6      | Found a large runed translucent door.
  5820 | D:6      | Found a sacrificial altar of Ru.
  5826 | D:6      | Found a radiant altar of Vehumet.
  6199 | D:7      | Identified the +10 short sword "Ponofuf" {vorpal, Will+}
  6199 | D:7      | Noticed a centaur warrior
  6207 | D:7      | Noticed a cyclops
  6209 | D:7      | HP: 4/123 [centaur warrior (3)]
  6210 | D:7      | HP: 1/123 [centaur warrior (8)]
  6210 | D:7      | Slain by a centaur warrior

Illustrated notes

Levels and vault maps discovered:
D:1:      onia_arrival_handbag, layout_loops_cross,
          shapermc_ecumenical_altar_ellora, serial_bayou_pond_c,
          hangedman_decor_clover_reticule, minmay_tromino_v7
D:2:      kennysheep_big_flooded_room, layout_basic, uniq_natasha
D:3:      layout_rooms, mainiacjoe_overflow_surrounded_room, uniq_jessica,
          uniq_sigmund
D:4:      layout_basic, minmay_circle_x, uniq_duvessa, uniq_blork_the_orc,
          uniq_grinder
D:5:      layout_basic, mainiacjoe_overflow_catwalk_spiral, led_xom_imps,
          serial_shops, shop
D:6:      cheibrodos_steamvent, layout_cave_pools, nicolae_uskayaw_en_pointe,
          jmf_multi_god_temple2, uniq_menkaure
D:7:      nzn_winding_woodlands_stair_cross [nzn_winding_woodlands_5x15_twine,
          nzn_winding_woodlands_center_triple_pond,
          nzn_winding_woodlands_5x15_lazy_stream,
          nzn_winding_woodlands_hourglass, nzn_winding_woodlands_5x5_three,
          nzn_winding_woodlands_5x15_longhouse,
          nzn_winding_woodlands_center_garden,
          nzn_winding_woodlands_5x15_garden], layout_basic,
          mainiacjoe_overflow_alcove_1, nicolae_sif_muna_condensation,
          fedhas_altar_3, minmay_temple_entry_glassed_door, serial_rivers,
          chequers_serial_rivers_micro_c, chequers_serial_rivers_large_a,
          chequers_serial_rivers_room_a, chequers_serial_rivers_room_b

Skill      XL: |  1  2  3  4  5  6  7  8  9 |
---------------+----------------------------+-----
Dodging        | 3 4 5 6 7 |  7.3
Fighting       | 4 5 6 7 8 |  8.3
Axes           | 4 5 6 7 8 |  8.1
Stealth        | 1 |  1.7

Action                   |  1- 3 |  4- 6 |  7- 9 || total
-------------------------+-------+-------+-------++-------
Melee: Hand axe          |   122 |   163 |   171 ||   456
       Tailslap          |    12 |    22 |    27 ||    61
Invok: Berserk           |     1 |     3 |     8 ||    12
  Use: Scroll            |       |     5 |     1 ||     6
 Stab: Sleeping          |       |       |     1 ||     1
Armor: Skin              |    45 |    51 |    62 ||   158
Dodge: Dodged            |   109 |    86 |    98 ||   293

Table legend: (Time is in decaauts)
 A = Elapsed time spent in this place.
 B = Non-inter-level travel time spent in this place.
 C = Inter-level travel time spent in this place.
 D = Time resting spent in this place.
 E = Time spent auto-exploring this place.
 F = Levels seen in this place.
 G = Mean time per level.
                   A        B        C        D        E       F      G
               +--------+--------+--------+--------+--------+-----+--------+
         Total |   6378 |   6275 |    103 |    796 |   4255 |   7 |  911.1 |
       Dungeon |   6378 |   6275 |    103 |    796 |   4255 |   7 |  911.1 |
               +--------+--------+--------+--------+--------+-----+--------+

Top non-repeatable levels by time:
     D:1: 1447 daAuts
     D:2: 1175 daAuts
     D:6: 1001 daAuts
     D:4: 981 daAuts
     D:5: 933 daAuts
     D:3: 470 daAuts
     D:7: 368 daAuts
